 Dungeon Crawl Stone Soup version 0.30.0-10-gfe55d96785 (webtiles) character file.

Game seed: 3610191666272220514

170 McKennaii the Conjurer (level 5, 0/38 HPs)
             Began as a Demigod Conjurer on May 14, 2023.
             Slain by a steam dragon (4 damage)
             ... on level 3 of the Dungeon.
             The game lasted 00:02:03 (2316 turns).

McKennaii the Conjurer (Demigod Conjurer)           Turns: 2316, Time: 00:02:04

Health: 0/38       AC:  3    Str:  8    XL:     5   Next: 4%
Magic:  5/13       EV: 12    Int: 24    God:
Gold:   124        SH:  0    Dex: 12    Spells: 7/10 levels left

rFire   . . .        (no weapon)
rCold   . . .        (no shield)
rNeg    . . .        a - +0 robe
rPois   .            (no helmet)
rElec   .            (no cloak)
rCorr   .            (no gloves)
SInv    +            l - +0 pair of boots
Will    .....        (no amulet)
Stlth   ++           m - ring of see invisible
HPRegen 0.26/turn    (no ring)
MPRegen 0.13/turn

%: no passive effects
@: no status effects
A: high MP 1, forlorn, divine attributes
a: no special abilities


You were on level 3 of the Dungeon.
You visited 1 branch of the dungeon, and saw 3 of its levels.

You collected 124 gold pieces.

Inventory:

Armour
 a - a +0 robe (worn)
 l - a +0 pair of boots (worn)
Jewellery
 m - a ring of see invisible (left hand)
Scrolls
 d - a scroll of fear
 e - a scroll of vulnerability {unknown}
 h - 2 scrolls of identify {unknown}
 i - 4 scrolls of enchant weapon {unknown}
 n - a scroll of acquirement {unknown}
Potions
 b - a potion of magic
 c - a potion of degeneration {unknown}
 f - 3 potions of heal wounds {unknown}
 g - a potion of mutation {unknown}
 j - a potion of lignification {unknown}
 k - a potion of brilliance {unknown}


   Skills:
 - Level 1.7 Dodging
 - Level 1.7 Stealth
 + Level 3.4 Spellcasting
 + Level 4.9 Conjurations


You had 7 spell levels left.
You knew the following spells:

 Your Spells              Type           Power      Damage    Failure   Level
a - Magic Dart            Conj           100%       1d8       1%          1
b - Searing Ray           Conj           56%        2d6       1%          2

Your spell library contained the following spells:

 Spells                   Type           Power      Damage    Failure   Level
 Dazzling Flash           Conj/Hex       32%        N/A       11%         3
 Poisonous Vapours        Pois/Air       8%         N/A       16%         2
 Mephitic Cloud           Conj/Pois/Air  12%        N/A       16%         3
 Fulminant Prism          Conj/Hex       8%         3d7       36%         4
 Iskenderun's Mystic Bla  Conj/Tloc      16%        2d5       36%         4
 Freezing Cloud           Conj/Ice/Air   6%         6-21      82%         5


Dungeon Overview and Level Annotations

Branches:
Dungeon (3/15)


Innate Abilities, Weirdness & Mutations

You have an increased reservoir of magic. (+10% MP)
You shall have no god before yourself.
Your divine heritage dramatically boosts your attributes as you level up.


Message History

The magic dart hits the kobold.
You kill the kobold!
Magic restored.
Things that are here:
a +0 whip; 8 poisoned darts; a kobold corpse You can't see any susceptible monsters within range! (Use Z to cast anyway.)
A steam dragon comes into view.
The magic dart hits the steam dragon but does no damage.
The steam dragon hisses angrily.
A steam dragon is nearby!
The magic dart hits the steam dragon.
The steam dragon is lightly wounded.
A steam dragon is nearby!
The magic dart hits the steam dragon.
The steam dragon is moderately wounded.
A steam dragon is nearby!
The magic dart hits the steam dragon but does no damage.
The steam dragon is moderately wounded.
Casting: Magic Dart (safe; 1% risk of failure)
Confirm with . or Enter, or press ? or * to list all spells.
Aiming: Searing Ray (safe; 1% risk of failure)
Press: ? - help, Shift-Dir - straight line, f/p - steam dragon
Aim: a steam dragon (moderately wounded, 79% to hit)
The searing ray hits the steam dragon.
The steam dragon is moderately wounded. (Press . to maintain the ray.)
The steam dragon breathes steam at you. The ball of steam hits you!
You hear a shout! x4; You hear an angry hiss.
You hear a shout! x2
You hear an angry hiss.
You are engulfed in a cloud of scalding steam.
You hear a shout!
A goblin comes into view. It is wielding a +0 dagger.
You are engulfed in a cloud of scalding steam.
The searing ray misses the steam dragon.
You finish channelling your searing ray.
You are engulfed in a cloud of scalding steam.
* * * LOW HITPOINT WARNING * * *
The steam dragon barely misses you. The steam dragon claws you.
You die...

#.#######.####.##
#.)..............
#########.####.##
#...#.# #####.#...#
#.........#..
#.###..........
#####§§§§§.........
....§.D@.§..........
....§§§§§§....######
###..g####.####
#...#? #.# #.. . #.#
.. ## .# .


You could see a steam dragon and a goblin.

Vanquished Creatures
  2 orc priests (D:2)
  An orc wizard (D:2)
  2 adders (D:2)
  3 worms
  A dart slug (D:1)
  2 orcs (D:2)
  5 ball pythons
  3 endoplasms
  A giant cockroach (D:1)
  3 hobgoblins
  9 jackals (D:1)
  6 kobolds
  2 quokkas (D:2)
  3 bats (D:2)
  3 frilled lizards
  2 goblins
  6 rats
54 creatures vanquished.

Notes
Turn   | Place    | Note
-------+----------+-------------------------------------------
     0 | D:1      | McKennaii the Demigod Conjurer began the quest for the Orb.
     0 | D:1      | Reached XP level 1. HP: 14/14 MP: 5/5
   389 | D:1      | Reached XP level 2. HP: 20/20 MP: 4/7
   567 | D:1      | Reached skill level 4 in Conjurations
   992 | D:1      | Learned a level 2 spell: Searing Ray
  1083 | D:2      | Reached XP level 3. HP: 26/26 MP: 7/9
  1619 | D:2      | Reached XP level 4. HP: 33/33 MP: 7/11
  1923 | D:2      | Reached XP level 5. HP: 38/38 MP: 8/13
  2308 | D:3      | Noticed a steam dragon
  2316 | D:3      | Slain by a steam dragon

Illustrated notes

Levels and vault maps discovered:
D:1:      eino_arrival_druids_welcome, layout_basic, minmay_tetromino_i2
D:2:      layout_basic, serial_forest, infiniplex_forest_clump_C,
          infiniplex_forest_lined_2, infiniplex_forest_end_3,
          infiniplex_forest_straight_4, infiniplex_forest_diagonal,
          infiniplex_forest_clump_curved, infiniplex_forest_clump_double,
          kennysheep_generic_room_14
D:3:      layout_basic, chequers_temple_overflow_statue_of_worship,
          basic_ecumenical_altar, minmay_fractal_squares_5, uniq_ijyb

Skill      XL: |  1  2  3 |
---------------+----------+-----
Spellcasting   | 2 3 |  3.4
Conjurations   | 4 |  4.9
Dodging        | |  1.7
Stealth        | |  1.7

Action                     |  1- 3 |  4- 6 || total
---------------------------+-------+-------++-------
  Melee: Unarmed           |       |    15 ||    15
   Cast: Magic Dart        |    92 |    39 ||   131
         Searing Ray       |     1 |     2 ||     3
    Use: Scroll            |     2 |       ||     2
  Dodge: Dodged            |       |     2 ||     2
